Funny Grant tank

Match 20839425
End
Royal Engineer Section
Construct Section Command Post
Dingo Light Scout Car
Infantry Section
Infantry Section
Construct Platoon Command Post
Selects Air and Sea Battlegroup
Unlock M3 Stuart Light Tanks
M3 Stuart Light Tank
Selects Commando Section Paradrop
M3 Stuart Light Tank
Commando Section Paradrop
Light Vehicle Training
Infantry Training
Construct Company Command Post
Selects Supply Surplus
Construct Resource Cache
Unlock M3 Grant Medium Tanks
Grenade Package
M3 Grant Medium Tank
M3 Grant Medium Tank
Armored Vehicle Training
Foot Guards Section
Selects Centaur Medium Tank
Selects Naval Bombardment
Royal Engineer Section
Commando Section Paradrop
Selects Commando LMG Section Paradrop
Selects Anti-tank Rocket Loiter
Construct Resource Cache
Anti-tank Rocket Loiter
M3 Grant Medium Tank
AI Takeover
aSIIAnthrax
aSIISpanky
ST Hélios | No Game No Life
Hell's Greatest Dad
0
0

Comments sign in to comment!

No comments posted yet!